 Dungeon Sprint DCSS version 0.17.2-1-ge4368a0 (webtiles) character file.

3999 hexophile the Brawler (level 10, -6/114 HPs)
             Began as a Troll Monk on Oct 15, 2016.
             Was an Initiate of Ru.
             Mangled by a black mamba (10 damage)
             ... in the Dungeon (Sprint IX: "|||||||||||||||||||||||||||||").
             The game lasted 00:02:23 (736 turns).

hexophile the Brawler (Troll Monk)                   Turns: 736, Time: 00:02:23

Health: -6/114     AC:  6    Str: 24    XL:     10   Next: 3%
Magic:  9/9        EV: 12    Int:  6    God:    Ru [......]
Gold:   0          SH:  0    Dex: 12    Spells: 0 memorised, 9 levels left

rFire  . . .     SeeInvis .       - Unarmed
rCold  . . .     Clarity  .     a - +0 robe
rNeg   . . .     SustAt   .     (no shield)
rPois  .         Gourm    +     (helmet restricted)
rElec  .         Spirit   .     k - +0 cloak
rCorr  .         Warding  .     (gloves unavailable)
rMut   .         NoTele   +     (boots unavailable)
MR     .....                    (no amulet)
Stlth  +.........               (no ring)
                                l - +2 ring of evasion

@: slowed, very slow, not resistant to hostile enchantments, very unstealthy
A: unfitting armour, claws 3, fast metabolism 3, gourmand, regeneration 2,
shaggy fur 1, tough skin 2
a: Sacrifice Health, Sacrifice Drink, Sacrifice an Eye, Reject Sacrifices,
Renounce Religion


You were in the Dungeon.
You worshipped Ru.
Ru was noncommittal.
You were very full.

You visited 1 branch


Innate Abilities, Weirdness & Mutations

You are too large for most types of armour.
You have claws for hands.
Your metabolism is lightning-fast.
You like to eat raw meat.
You heal very quickly.
You are covered in fur (AC +1).
You have very tough skin (AC +2).

Inventory:

Armour
 a - a +0 robe (worn)
 k - a +0 cloak (worn)
Jewellery
 l - a +2 ring of evasion (left claw)
Wands
 j - a wand of fire (3)
Scrolls
 h - 2 scrolls of blinking
 i - 3 scrolls of remove curse
 m - 4 scrolls of enchant weapon
 n - 2 scrolls of fog
Potions
 b - a potion of invisibility
 c - 6 potions of curing
 d - a potion of might {Str+5 DMG+1d10}
 e - a potion of haste
 f - 4 potions of magic
 g - 5 potions of heal wounds
Comestibles
 r - 2 bread rations


You had 9 spell levels left.
You didn't know any spells.


   Skills:
 + Level 11.6 Fighting
 - Level 2.4 Dodging
 - Level 1.1 Stealth
 * Level 18.2 Unarmed Combat

Dungeon Overview and Level Annotations

Branches:
Dungeon (1/1)

Altars:
Cheibriados
Dithmenos
Elyvilon
Fedhas
Gozag
Kikubaaqudgha
Makhleb
Nemelex Xobeh
Okawaru
Qazlal
Ru
Sif Muna
Trog
Vehumet
Xom
Yredelemnul
Zin
The Shining One
Beogh
Jiyva
Lugonu

Vault maps used:
D:        linesprint
You       could see a torpor snail, a black mamba, a yak (caught) and a wolf.


Message History

* * * LOW HITPOINT WARNING * * *
You are more poisoned.
The black mamba poisons you!
Restored 11 HP.
You have now: 35/114 HP.
Unknown command.
Throwing (i - inventory):
F - a throwing net (quivered)
{+f}
Press: ? - help, Shift-Dir - straight line, f - black mamba
Aim: a black mamba (heavily wounded)
You throw a throwing net {+f}.
The throwing net {+f} closely misses the black mamba.
The throwing net {+f} barely misses the wolf.
The throwing net {+f} hits the yak.
The yak is caught in the net!
You feel very sick. The black mamba misses you. The black mamba bites you.
* * * LOW HITPOINT WARNING * * *
The yak struggles against the net.
The black mamba bites you.
* * * LOW HITPOINT WARNING * * *
You lost 13 HP.
You have now: 22/114 HP.
Unknown command.
Unknown command.
You closely miss the black mamba.
The black mamba is heavily wounded.
You feel sick. The black mamba bites you!
* * * LOW HITPOINT WARNING * * *
The yak snorts and paws the ground.
The yak struggles against the net.
The black mamba completely misses you.
You lost 14 HP.
You have now: 8/114 HP.
Unknown command.
Drink which item? (? for menu, Esc to quit)
You feel better. The black mamba closely misses you.
The yak struggles against the net.
The black mamba closely misses you.
The yak struggles against the net.
Restored 7 HP.
You have now: 15/114 HP.
There are monsters nearby!
Unknown command.
Drink which item? (? for menu, Esc to quit)
Okay, then.
Evoke which item? (* to show all) (? for menu, Esc to quit)
Zapping:
j - a wand of fire (4)
Press: ? - help, Shift-Dir - straight line, f/p - black mamba
Aim: a black mamba (heavily wounded)
The bolt of fire misses the black mamba.
The bolt of fire misses the wolf.
The bolt of fire hits the yak.
The yak is moderately wounded.
The bolt of fire hits the torpor snail.
The torpor snail is moderately wounded.
This wand has 3 charges left.
The black mamba bites you!
* * * LOW HITPOINT WARNING * * *
The black mamba bites you!
You die...

Action                   |  1- 3 |  4- 6 |  7- 9 | 10-12 || total
-------------------------+-------+-------+-------+-------++-------
Melee: Unarmed           |    29 |    18 |    41 |    10 ||    98
Throw: Throwing net      |       |       |       |     1 ||     1
Evoke: Wand              |       |     1 |     2 |     1 ||     4
  Use: Potion            |       |       |     4 |     2 ||     6
       Scroll            |       |       |     1 |       ||     1
 Stab: Sleeping          |       |       |     1 |       ||     1
  Eat: Chunk             |     2 |     3 |     7 |       ||    12

Notes
Turn   | Place    | Note
--------------------------------------------------------------
     0 | D        | hexophile the Troll Monk began the quest for the Orb.
     0 | D        | Reached XP level 1. HP: 22/22 MP: 0/0
     0 | D        | Banished a spatial maelstrom
    20 | D        | Noticed a worker ant
    24 | D        | Killed a worker ant
    24 | D        | Reached skill level 3 in Fighting
    24 | D        | Reached skill level 6 in Unarmed Combat
    24 | D        | Reached XP level 2. HP: 29/31 MP: 1/1
    34 | D        | Reached XP level 3. HP: 32/39 MP: 2/2
    74 | D        | Found a glowing silver altar of Zin.
    74 | D        | Found a glowing golden altar of the Shining One.
    74 | D        | Found an ancient bone altar of Kikubaaqudgha.
    74 | D        | Found a basalt altar of Yredelemnul.
    74 | D        | Found a shimmering altar of Xom.
    74 | D        | Found a radiant altar of Vehumet.
    75 | D        | Found an iron altar of Okawaru.
    76 | D        | Found a burning altar of Makhleb.
    77 | D        | Found a deep blue altar of Sif Muna.
    78 | D        | Found a bloodstained altar of Trog.
    79 | D        | Found a sparkling altar of Nemelex Xobeh.
    80 | D        | Found a white marble altar of Elyvilon.
    81 | D        | Found a roughly hewn altar of Beogh.
    82 | D        | Found a viscous altar of Jiyva.
    83 | D        | Found a corrupted altar of Lugonu.
    84 | D        | Found a blossoming altar of Fedhas.
    85 | D        | Found a snail-covered altar of Cheibriados.
    86 | D        | Found a shadowy altar of Dithmenos.
    87 | D        | Found a stormy altar of Qazlal.
    88 | D        | Found an opulent altar of Gozag.
    89 | D        | Found a sacrificial altar of Ru.
    97 | D        | Became a worshipper of Ru the Awakened
   120 | D        | Noticed a giant frog
   120 | D        | Noticed a jelly
   120 | D        | Noticed a hound
   120 | D        | Noticed an orc warrior
   120 | D        | Noticed a sky beast
   120 | D        | Noticed a yak
   123 | D        | Killed a hound
   123 | D        | Reached skill level 4 in Fighting
   123 | D        | Reached skill level 7 in Unarmed Combat
   123 | D        | Reached XP level 4. HP: 37/49 MP: 3/3
   124 | D        | Killed a yak
   124 | D        | Reached skill level 6 in Fighting
   124 | D        | Reached skill level 10 in Unarmed Combat
   124 | D        | Reached XP level 5. HP: 37/59 MP: 4/4
   129 | D        | Killed a sky beast
   129 | D        | Reached skill level 11 in Unarmed Combat
   129 | D        | Reached XP level 6. HP: 33/68 MP: 5/5
   135 | D        | Killed an orc warrior
   135 | D        | Reached skill level 7 in Fighting
   135 | D        | Reached skill level 12 in Unarmed Combat
   140 | D        | Killed a jelly
   141 | D        | Killed a giant frog
   313 | D        | Noticed a wyvern
   313 | D        | Noticed a tengu warrior
   313 | D        | Noticed a hill giant
   313 | D        | Noticed a cyan ugly thing
   313 | D        | Noticed a hill giant
   313 | D        | Noticed an orc wizard
   314 | D        | Killed an orc wizard
   314 | D        | Reached XP level 7. HP: 77/79 MP: 6/6
   318 | D        | Killed a hill giant
   318 | D        | Reached skill level 8 in Fighting
   318 | D        | Reached skill level 14 in Unarmed Combat
   329 | D        | Killed a cyan ugly thing
   329 | D        | Reached skill level 9 in Fighting
   329 | D        | Reached XP level 8. HP: 63/92 MP: 7/7
   332 | D        | Killed a hill giant
   332 | D        | Reached skill level 10 in Fighting
   332 | D        | Reached skill level 15 in Unarmed Combat
   339 | D        | Killed a tengu warrior
   339 | D        | Reached skill level 16 in Unarmed Combat
   339 | D        | Reached XP level 9. HP: 11/102 MP: 8/8
   341 | D        | Killed a wyvern
   535 | D        | Noticed Harold
   551 | D        | Killed Harold
   551 | D        | Reached skill level 11 in Fighting
   551 | D        | Reached skill level 17 in Unarmed Combat
   706 | D        | Noticed a black mamba
   706 | D        | Noticed a porcupine
   706 | D        | Noticed a komodo dragon
   706 | D        | Noticed a spiny frog
   706 | D        | Noticed a giant frog
   706 | D        | Noticed a water moccasin
   707 | D        | Noticed a wolf
   710 | D        | Killed a water moccasin
   713 | D        | Noticed a yak
   716 | D        | Killed a spiny frog
   718 | D        | Killed a giant frog
   722 | D        | Killed a komodo dragon
   722 | D        | Reached skill level 18 in Unarmed Combat
   722 | D        | Reached XP level 10. HP: 59/114 MP: 9/9
   727 | D        | Killed a porcupine
   728 | D        | Noticed a torpor snail
   736 | D        | HP: 4/114 [black mamba (12)]
   736 | D        | Mangled by a black mamba

Table legend:
 A = Turns spent in this place as a percentage of turns spent in the entire game.
 B = Non-inter-level travel turns spent in this place as a percentage of non-inter-level travel turns spent in the entire game.
 C = Inter-level travel turns spent in this place as a percentage of turns spent in this place.
 D = Turns resting spent in this place as a percentage of non-inter-level travel turns spent in this place.
 E = Turns spent auto-exploring this place as a percentage of non-inter-level travel turns spent in this place.
 F = Non-inter-level travel turns spent in this place divided by the number of levels of this place that you've seen.
                   A       B       C       D       E      F
               +-------+-------+-------+-------+-------+----------------------
         Total | 100.0 | 100.0 |   0.0 |   5.0 |   1.1 | 281.0
       Dungeon | 100.0 | 100.0 |   0.0 |   5.0 |   1.1 | 281.0
               +-------+-------+-------+-------+-------+----------------------

Table legend:
 A = Kills in this place as a percentage of kills in entire the game.
 B = Kills by you in this place as a percentage of kills by you in the entire game.
 C = Kills by friends in this place as a percentage of kills by friends in the entire game.
 D = Other kills in this place as a percentage of other kills in the entire game.
 E = Experience gained in this place as a percentage of experience gained in the entire game.
 F = Experience gained in this place divided by the number of levels of this place that you have seen.
                   A       B       C       D       E      F
               +-------+-------+-------+-------+-------+----------------------
         Total | 100.0 | 100.0 |  -nan |  -nan | 100.0 | 5714.0
       Dungeon | 100.0 | 100.0 |  -nan |  -nan | 100.0 | 5714.0
               +-------+-------+-------+-------+-------+----------------------

Vanquished Creatures
  Harold (D)
  A tengu warrior (D)
  2 hill giants (D)
  An ugly thing (D)
  A spiny frog (D)
  A komodo dragon (D)
  A yak (D)
  A wyvern (D)
  A porcupine (D)
  An orc warrior (D)
  A water moccasin (D)
  A sky beast (D)
  2 giant frogs (D)
  A jelly (D)
  A hound (D)
  An orc wizard (D)
  A worker ant (D)
  2 adders (D)
  An orc (D)
  A bat skeleton (D)
  A bat (D)
  A giant newt (D)
  2 goblins (D)
  A rat (D)
28 creatures vanquished.

Vanquished Creatures (others)
  A spatial maelstrom (D)
1 creature vanquished.

Grand Total: 29 creatures vanquished
